 Dungeon Crawl Stone Soup version 0.30-a0-696-g2367cd04db (webtiles) character file.

Game seed: 984708492608099250

5 wormed the Charlatan (level 1, 0/15 HPs)
             Began as a Demonspawn Artificer on Jan 20, 2023.
             Slain by a frilled lizard (3 damage)
             ... on level 1 of the Dungeon.
             The game lasted 00:00:57 (67 turns).

wormed the Charlatan (Demonspawn Artificer)           Turns: 67, Time: 00:00:58

Health: 0/15       AC:  3    Str: 12    XL:     1   Next: 66%
Magic:  1/1        EV: 11    Int: 12    God:
Gold:   32         SH:  0    Dex: 13    Spells: 0/0 levels left

rFire   . . .      SeeInvis .    a - +0 club
rCold   . . .      Faith    .    (no shield)
rNeg    . . .      Spirit   .    b - +0 leather armour
rPois   .          Reflect  .    (no helmet)
rElec   .          Harm     .    (no cloak)
rCorr   .          Rampage  .    (no gloves)
Will    .....                    (no boots)
Stlth   +                        (no amulet)
HPRegen 0.22/turn                (no ring)
MPRegen 0.07/turn                (no ring)

@: no status effects
A: no striking features
a: no special abilities


You were on level 1 of the Dungeon.
You visited 1 branch of the dungeon, and saw 1 of its levels.

You collected 32 gold pieces.

Inventory:

Hand Weapons
 a - a +0 club (weapon)
Armour
 b - a +0 leather armour (worn)
Wands
 c - a wand of flame (10) (quivered)
 d - a wand of charming (15)
 e - a wand of iceblast (5)
Scrolls
 f - a scroll of teleportation {unknown}


   Skills:
 + Level 1.2 Fighting
 - Level 1.7 Armour
 + Level 1.1 Dodging
 - Level 0.8 Stealth
 + Level 0.3 Spellcasting
 + Level 3.1 Evocations


You couldn't memorise any spells.
You didn't know any spells.
Your spell library was empty.

Dungeon Overview and Level Annotations

Branches:
Dungeon (1/15)

Altars:

Shops:
D:1 *


Message History

You hit the jackal but do no damage. The jackal bites you.
A frilled lizard comes into view.
The jackal closely misses you.
The frilled lizard hisses angrily.
You hit the jackal.
The jackal is moderately wounded.
The jackal pauses to sniff the ground.
The jackal bites you.
* * * LOW HITPOINT WARNING * * *
Aiming: Throw Flame
Press: ? - help, Q - select action, (/) - cycle Shift-Dir - straight line, f - jackal
Aim: a jackal (moderately wounded, 64% to hit)
The puff of flame hits the jackal.
You kill the jackal!
Your Dodging skill increases to level 1!
Aiming: Throw Flame
Press: ? - help, Q - select action, (/) - cycle Shift-Dir - straight line, f - jackal
Aim: a jackal (64% to hit)
The puff of flame misses the jackal.
The puff of flame hits the jackal.
The jackal is almost dead.
The jackal bites you.
* * * LOW HITPOINT WARNING * * *
The jackal bites you but does no damage.
Aiming: Throw Flame
Press: ? - help, Q - select action, (/) - cycle Shift-Dir - straight line, f/p - jackal
Aim: a jackal (64% to hit)
The puff of flame hits the jackal.
You kill the jackal!
The jackal bites you but does no damage.
Aiming: Throw Flame
Press: ? - help, Q - select action, (/) - cycle Shift-Dir - straight line, f - jackal
Aim: a jackal (almost dead, 64% to hit)
The puff of flame hits the jackal.
You kill the jackal!
Aiming: Throw Flame
Press: ? - help, Q - select action, (/) - cycle Shift-Dir - straight line, f - frilled lizard
Aim: a frilled lizard (53% to hit)
The puff of flame misses the frilled lizard.
The frilled lizard bites you.
You die...

.#.#.#.#...#.....#
#.#.#.#..##....#.#
.#...#.##.....##.#
#.....#........#.#
...<...######....#
#.....#.......#..#
.#...#.##........#
#.#.#.#..##...##l#
.#.#.#.#...#..##@#
.#.#.#..#.....##.#
..#..#..#....##.######
#..#..#...#...........#
.. #...#........8.8.8.#
...#.............⌠.⌠..#
..........##....8.∩.8##
.##..>...........⌠.⌠.#
#######.##....8.8.8#


You could see a frilled lizard.

Vanquished Creatures
  4 jackals (D:1)
4 creatures vanquished.

Notes
Turn   | Place    | Note
-------+----------+-------------------------------------------
     0 | D:1      | wormed the Demonspawn Artificer began the quest for the
                  | Orb.
     0 | D:1      | Reached XP level 1. HP: 15/15 MP: 1/1
    26 | D:1      | Found Jeyxt's General Store.
    64 | D:1      | Reached skill level 1 in Dodging
    67 | D:1      | Slain by a frilled lizard

Illustrated notes

Levels and vault maps discovered:
D:1:      minmay_arrival_radiant_lines, layout_rooms, serial_corexii_hall,
          corexii_hall_statues_x, chequers_hall_statues_corner_a,
          chequers_hall_statues_y, corexii_hall_statues_l, serial_shops,
          nicolae_shop_temple_entry_statues_fountains, nicolae_shop_stone

Skill      XL: |  1 |
---------------+----+-----
Dodging        | 1 |  1.1
Fighting       | |  1.2
Armour         | |  1.7
Stealth        | |  0.8
Spellcasting   | |  0.3
Evocations     | |  3.1

Action                   || total
-------------------------++-------
Melee: Club              ||    10
Evoke: Wand              ||     5
Armor: Leather armour    ||     2
Dodge: Dodged            ||     8

Table legend: (Time is in decaauts)
 A = Elapsed time spent in this place.
 B = Non-inter-level travel time spent in this place.
 C = Inter-level travel time spent in this place.
 D = Time resting spent in this place.
 E = Time spent auto-exploring this place.
 F = Levels seen in this place.
 G = Mean time per level.
                   A        B        C        D        E       F      G
               +--------+--------+--------+--------+--------+-----+--------+
         Total |     70 |     70 |      0 |      0 |     41 |   1 |   70.0 |
       Dungeon |     70 |     70 |      0 |      0 |     41 |   1 |   70.0 |
               +--------+--------+--------+--------+--------+-----+--------+

Top non-repeatable levels by time:
     D:1: 70 daAuts
